 Dungeon Sprint DCSS version 0.31-a0-986-g5e6e4ef867 (webtiles) character file.

Game seed: 10618927805308249480

1851 rocky1 the Martial Artist (level 9, -24/58 HPs)
             Began as an Octopode Shapeshifter on Nov 17, 2023.
             Was an Initiate of Gozag.
             Annihilated by an earth elemental (32 damage)
             ... in the Dungeon (Sprint III: "The Ten Rune Challenge").
             The game lasted 00:04:20 (1143 turns).

rocky1 the Martial Artist (Octopode Shapeshifter)   Turns: 1143, Time: 00:04:22

Health: -24/58     AC:  1    Str: 13    XL:     9   Next: 12%
Magic:  16/16      EV: 15    Int: 16    God:    Gozag
Gold:   653        SH:  0    Dex: 12    Spells: 12/18 levels left

rFire   . .          .
                       - Unarmed
rCold   . . .        (no shield)
rNeg    . . .        (helmet currently unavailable)
rPois   .            (no amulet)
rElec   .            (no ring)
rCorr   .            (no ring)
SInv    .            (no ring)
Will    .....        (no ring)
Stlth   +++++        (no ring)
HPRegen 0.29/turn    (no ring)
MPRegen 0.15/turn    (no ring)
                     (no ring)

%: no teleportation
@: beast-form, hasted, very quick
A: beast (slay +4), almost no armour, amphibious, 8 rings, camouflage 1,
gelatinous body 1, nimble swimmer 1, tentacles, clever 1, clumsy 1, wild magic 1
a: Begin Untransformation, Renounce Religion, Potion Petition, Call Merchant,
Bribe Branch


You were in the Dungeon.
You worshipped Gozag.
Gozag was pleased with you.
You were a hulking beast.
You visited 1 branch You collected 653 gold pieces.

Inventory:

Talismans
 b - a beast talisman (active)
 c - a flux talisman
Scrolls
 i - a scroll of blinking
 k - a scroll of immolation {unknown}
 l - a scroll of fog {unknown}
 n - 2 scrolls of torment {unknown}
Potions
 d - a potion of curing
 g - 2 potions of magic
 j - 4 potions of mutation
 m - 2 potions of enlightenment {unknown}
Miscellaneous
 h - a phial of floods


   Skills:
 + Level 4.2 Fighting
 + Level 6.2 Dodging
 - Level 5.8 Stealth
 + Level 13.2 Unarmed Combat
 * Level 5.0 Spellcasting
 * Level 5.4 Translocations
 + Level 9.7 Shapeshifting


You had 12 spell levels left.
You knew the following spells:

 Your Spells              Type           Power      Damage    Failure   Level
a - Manifold Assault      Tloc           27%        N/A       22%         4
b - Blink                 Tloc           54%        N/A       4%          2

Your spell library contained the following spells:

 Spells                   Type           Power      Damage    Failure   Level
 Static Discharge         Conj/Air       10%        3-4/arc   30%         2
 Airstrike                Air            2%         2d(1-17)  88%         4
 Summon Lightning Spire   Summ/Air       5%         N/A       88%         4


Dungeon Overview and Level Annotations

Branches:
Dungeon (1/1)

Altars:
Cheibriados
Dithmenos
Elyvilon
Fedhas
Gozag
Hepliaklqana
Kikubaaqudgha
Makhleb
Nemelex Xobeh
Okawaru
Qazlal
Ru
Sif Muna
Trog
Uskayaw
Vehumet
Wu Jian
Xom
Yredelemnul
Zin
The Shining One
Jiyva
Lugonu


Innate Abilities, Weirdness & Mutations

You are a hulking beast.
Your limbs bulge with bestial killing power. (Slay +4)
You cannot wear most types of armour.
You are amphibious.
You can wear up to eight rings at the same time.
Your skin changes colour to match your surroundings (Stealth+).
Your rubbery body absorbs attacks. (AC +1, EV +1)
You are camouflaged when in or above water. (Stealth+)
You have tentacles for arms and can constrict up to eight enemies at once.
Your mind is acute. (Int +4, Str/Dex -1)
You are clumsy. (Dex -2)
Your spells are a little harder to cast, but a little more powerful.


Message History

a +0 dagger; a +0 robe Cast which spell? (? or * to list)
Okay, then.
Cast which spell? (? or * to list)
Okay, then.
You start resting.
HP restored.
Okay, then.
You enter the shallow water.
Things that are here:
a +0 dagger; a +0 robe You open the door.
An earth elemental comes into view.
There is an open door here.
There is an open door here.
You enter the shallow water.
The earth elemental hits you!!
There is an open door, spattered with blood here.
You enter the shallow water.
You feel yourself speed up.
You tentacle-slap the earth elemental.
The earth elemental is lightly damaged.
You batter the earth elemental!!
You squeeze the earth elemental, but do no damage.
The earth elemental is moderately damaged.
You tentacle-slap the earth elemental but do no damage.
Your squeeze misses the earth elemental.
The earth elemental is moderately damaged.
The earth elemental hits you!!
Ouch! That really hurt!
* * * LOW HITPOINT WARNING * * *
You barely miss the earth elemental.
The earth elemental is moderately damaged.
You tentacle-slap the earth elemental but do no damage.
You tentacle-slap the earth elemental.
The earth elemental is heavily damaged.
You feel better. The earth elemental hits you!!
Ouch! That really hurt!
You die...
Your body crumbles into a pile of gold.

.############
.#___#___#__#
.#.).#__)#)_#
.###'#'###'##
.#..........#
.'.⌠........#
.#...######'#
.#.⌠.#__#...#+#######
.#...#__#...#.§~hE'.#
.#'###__#...#§#§§§#.#
.#.).#__#...'.#§.§#.#
.#___#__'...#.#.§§#..
▓▓▓▓▓▓▓▓▓▓▓▓▓▓▓▓▓▓▓▓▓▓


You could see an earth elemental.

Vanquished Creatures
  Josephine (D)
  A deep elf pyromancer (D)
  A shadow (D)
  A spatial vortex (D)
  A water elemental (D)
  A necrophage (D)
  A jelly (D)
  An arcanist (D)
  A necromancer (D)
  A kobold demonologist (D)
  3 humans (D)
  A wolf (D)
  An endoplasm (D)
  3 rats (D)
18 creatures vanquished.

Notes
Turn   | Place    | Note
-------+----------+-------------------------------------------
     0 | D        | rocky1 the Octopode Shapeshifter began the quest for the
                  | Orb.
     0 | D        | Reached XP level 1. HP: 13/13 MP: 1/1
    46 | D        | Noticed a wolf
    54 | D        | Killed a wolf
    55 | D        | Reached skill level 1 in Stealth
    55 | D        | Reached skill level 4 in Unarmed Combat
    55 | D        | Reached XP level 2. HP: 15/18 MP: 2/2
    61 | D        | Reached skill level 5 in Unarmed Combat
    61 | D        | Reached XP level 3. HP: 10/23 MP: 3/3
   115 | D        | Gained mutation: You have hidden genetic potential. [potion
                  | of mutation]
   115 | D        | Gained mutation: You are clumsy. (Dex -2) [potion of
                  | mutation]
   120 | D        | Noticed a water elemental
   126 | D        | Killed a water elemental
   127 | D        | Reached skill level 6 in Unarmed Combat
   127 | D        | Reached XP level 4. HP: 19/28 MP: 4/4
   136 | D        | Gained mutation: Your mind is acute. (Int +4, Str/Dex -1)
                  | [hidden potential]
   192 | D        | Noticed a shadow
   202 | D        | Reached XP level 5. HP: 27/34 MP: 5/5
   341 | D        | Killed a shadow
   342 | D        | Reached skill level 8 in Unarmed Combat
   342 | D        | Reached XP level 6. HP: 27/39 MP: 6/6
   346 | D        | Gained mutation: Your spells are a little harder to cast,
                  | but a little more powerful. [hidden potential]
   346 | D        | Lost mutation: You have hidden genetic potential. [hidden
                  | potential expressed]
   497 | D        | Found a blossoming altar of Fedhas.
   497 | D        | Found a stormy altar of Qazlal.
   497 | D        | Found a snail-covered altar of Cheibriados.
   497 | D        | Found a burning altar of Makhleb.
   497 | D        | Found a shimmering altar of Xom.
   497 | D        | Noticed a spatial vortex
   498 | D        | Found a hazy altar of Hepliaklqana.
   498 | D        | Found an opulent altar of Gozag.
   498 | D        | Found a sparkling altar of Nemelex Xobeh.
   498 | D        | Found a corrupted altar of Lugonu.
   498 | D        | Found a viscous altar of Jiyva.
   502 | D        | Became a worshipper of Gozag Ym Sagoz the Greedy
   509 | D        | Killed a spatial vortex
   510 | D        | Reached skill level 5 in Stealth
   510 | D        | Reached skill level 9 in Unarmed Combat
   531 | D        | Found a basalt altar of Yredelemnul.
   531 | D        | Found a shadowy altar of Dithmenos.
   531 | D        | Found a sacrificial altar of Ru.
   536 | D        | Reached skill level 10 in Unarmed Combat
   536 | D        | Reached XP level 7. HP: 20/45 MP: 7/7
   639 | D        | Found a radiant altar of Vehumet.
   639 | D        | Found a shimmering blue altar of Sif Muna.
   639 | D        | Found an ancient bone altar of Kikubaaqudgha.
   674 | D        | Learned a level 4 spell: Manifold Assault
   677 | D        | Learned a level 2 spell: Blink
   764 | D        | Found a hide-covered altar of Uskayaw.
   764 | D        | Found an iron altar of Okawaru.
   764 | D        | Found a bloodstained altar of Trog.
   764 | D        | Found an ornate altar of the Wu Jian Council.
   764 | D        | Noticed a human
   764 | D        | Noticed a human
   771 | D        | Killed a human
   772 | D        | Reached skill level 5 in Dodging
   772 | D        | Reached skill level 1 in Spellcasting
   772 | D        | Reached skill level 1 in Translocations
   784 | D        | Killed a human
   785 | D        | Reached skill level 11 in Unarmed Combat
  1009 | D        | Found a glowing silver altar of Zin.
  1009 | D        | Found a glowing golden altar of the Shining One.
  1009 | D        | Found a white marble altar of Elyvilon.
  1009 | D        | Noticed a deep elf pyromancer
  1013 | D        | Killed a deep elf pyromancer
  1014 | D        | Reached skill level 12 in Unarmed Combat
  1014 | D        | Reached XP level 8. HP: 33/53 MP: 10/13
  1104 | D        | Noticed Josephine
  1111 | D        | Killed Josephine
  1112 | D        | Reached skill level 13 in Unarmed Combat
  1112 | D        | Reached skill level 5 in Spellcasting
  1112 | D        | Reached skill level 5 in Translocations
  1112 | D        | Reached XP level 9. HP: 55/58 MP: 13/16
  1140 | D        | HP: 1/58 [earth elemental (31)]
  1143 | D        | Annihilated by an earth elemental

Illustrated notes

Levels and vault maps discovered:
D:        dungeon_sprint_mu [sprint_mu_entry_cave, sprint_mu_temple_rooms,
          sprint_mu_d1_horrors, sprint_mu_d2_genie, sprint_mu_d3_branching,
          sprint_mu_orc_legion, sprint_mu_elf_gauntlet, sprint_mu_hive_nellie,
          sprint_mu_lair_fedhas, sprint_mu_vaults_butterflies,
          sprint_mu_slime_circle, sprint_mu_shoals_archi,
          sprint_mu_snake_twists, sprint_mu_blade_basic,
          sprint_mu_crypt_fortress, sprint_mu_tomb_spiral,
          sprint_mu_vestibule_basic, sprint_mu_gehenna_hellfire,
          sprint_mu_dis_giant, sprint_mu_tartarus_statrot,
          sprint_mu_cocytus_islands, sprint_mu_zot1]

Skill      XL: |  1  2  3  4  5  6  7  8 |
---------------+-------------------------+-----
Stealth        | 1 3 4 5 |  5.8
Unarmed Combat | 4 5 6 8 10 12 13 | 13.2
Shapeshifting  | 4 6 7 8 9 |  9.7
Dodging        | 3 4 5 6 |  6.2
Fighting       | 2 3 4 |  4.2
Spellcasting   | 3 5 |  5.0
Translocations | 4 5 |  5.4

Action                     |  1- 3 |  4- 6 |  7- 9 || total
---------------------------+-------+-------+-------++-------
  Melee: Unarmed           |    19 |    16 |    49 ||    84
         Constrict         |     4 |     1 |     9 ||    14
         Tentacles         |     2 |     3 |     5 ||    10
         Punch             |     1 |     1 |     1 ||     3
    Use: Potion            |     2 |       |     4 ||     6
   Stab: Sleeping          |     2 |       |       ||     2
         Distracted        |       |       |     1 ||     1
 Armour: Skin              |     6 |     4 |    37 ||    47
  Dodge: Dodged            |    11 |     4 |    18 ||    33
   Form: Flux              |       |     1 |       ||     1
         Beast             |       |     1 |       ||     1

Table legend: (Time is in decaauts)
 A = Elapsed time spent in this place.
 B = Non-inter-level travel time spent in this place.
 C = Inter-level travel time spent in this place.
 D = Time resting spent in this place.
 E = Time spent auto-exploring this place.
 F = Levels seen in this place.
 G = Mean time per level.
                   A        B        C        D        E       F      G
               +--------+--------+--------+--------+--------+-----+--------+
         Total |   1138 |   1138 |      0 |    824 |     26 |   1 | 1138.0 |
       Dungeon |   1138 |   1138 |      0 |    824 |     26 |   1 | 1138.0 |
               +--------+--------+--------+--------+--------+-----+--------+

Top non-repeatable levels by time:
       D: 1138 daAuts
